 Dungeon Crawl Stone Soup version 0.17.0-28-g6e173f8 (webtiles) character file.

58 gorblad the Covered (level 3, -1/33 HPs)
             Began as a Minotaur Berserker on Dec 3, 2015.
             Was a Believer of Trog.
             Succumbed to a kobold's poison
             ... on level 2 of the Dungeon on Dec 4, 2015.
             The game lasted 00:02:59 (1138 turns).

gorblad the Covered (Minotaur Berserker)            Turns: 1138, Time: 00:02:59

Health: -1/33      AC:  4    Str: 22    XL:     3   Next: 75%
Magic:  2/2        EV: 12    Int:  4    God:    Trog [**....]
Gold:   97         SH:  0    Dex:  7    Spells: 0 memorised, 2 levels left

rFire  . . .     SeeInvis .     a - +0 hand axe
rCold  . . .     Clarity  .     b - +0 animal skin
rNeg   . . .     SustAt   .     (no shield)
rPois  .         Gourm    .     (helmet restricted)
rElec  .         Spirit   .     (no cloak)
rCorr  .         Warding  .     (no gloves)
rMut   .         Stasis   .     d - +0 pair of boots
MR     .....                    (no amulet)
Stlth  +.........               (no ring)
                                (no ring)

@: lethally poisoned (-1 -> -28), not resistant to hostile enchantments, very
unstealthy
A: retaliatory headbutt, horns 2, molten scales 1, clumsy 1, MP-powered wands
a: Berserk, Trog's Hand, Burn Spellbooks, Renounce Religion


You were on level 2 of the Dungeon.
You worshipped Trog.
Trog was pleased with you.
You were not hungry.

You visited 1 branch of the dungeon, and saw 2 of its levels.

You collected 97 gold pieces.

Inventory:

Hand Weapons
 a - a +0 hand axe (weapon)
Armour
 b - a +0 animal skin (worn)
 d - a +0 pair of boots (worn)
Jewellery
 e - a +3 ring of dexterity {unknown}
Scrolls
 i - a scroll of identify {unknown}
 j - a scroll of amnesia {unknown}
 k - a scroll of remove curse {unknown}
Comestibles
 c - a bread ration
 f - 6 chunks of flesh
 g - a slice of pizza


   Skills:
 - Level 4.1 Fighting
 - Level 4.1 Axes
 + Level 4.2 Armour
 - Level 2.1 Dodging


You had 2 spell levels left.
You didn't know any spells.

Dungeon Overview and Level Annotations

Branches:
Dungeon (2/15)

Altars:
Makhleb


Innate Abilities, Weirdness & Mutations

You reflexively headbutt those who attack you in melee.
You have a pair of horns on your head.
You are partially covered in molten scales (AC +1).
You are clumsy. (Dex -2)
You expend magic power (3 MP) to strengthen your wands.


Message History

You feel very sick. The kobold misses you. You furiously retaliate!
You headbutt the kobold.
You kill the kobold!
Trog accepts your kill.
Drink which item? (? for menu, Esc to quit)
It was a potion of mutation.
You feel extremely strange.
You feel your magical essence link to your wands.
You feel clumsy.
Molten scales grow over part of your body.
* * * LOW HITPOINT WARNING * * *
You feel very sick.
There is a lethal amount of poison in your body!
There is a lethal amount of poison in your body!
* * * LOW HITPOINT WARNING * * *
You feel very sick.
* * * LOW HITPOINT WARNING * * *
You feel sick.
* * * LOW HITPOINT WARNING * * *
You feel very sick.
You die...

.### ...############
##............#
..............#
..............#
#.............####
.................#
.#............##.#
.#............##@#
.#...........##.).#
##..........##..$..#
#..........#.......#
.........#..._...#
.[......#.[.....#
##.....## ##...##


There were no monsters in sight!

Vanquished Creatures
  2 adders (D:2)
  4 worms (D:2)
  A giant cockroach (D:1)
  2 goblins
  4 hobgoblins (D:1)
  A jackal (D:2)
  5 kobolds
  6 bats
  2 giant newts (D:1)
  A quokka (D:2)
  A rat (D:1)
29 creatures vanquished.

Notes
Turn   | Place    | Note
--------------------------------------------------------------
     0 | D:1      | gorblad the Minotaur Berserker began the quest for the Orb.
     0 | D:1      | Reached XP level 1. HP: 19/19 MP: 0/0
   169 | D:1      | Reached skill level 4 in Fighting
   236 | D:1      | Reached XP level 2. HP: 27/27 MP: 1/1
   595 | D:2      | Reached XP level 3. HP: 24/33 MP: 2/2
   603 | D:2      | Reached ** piety under Trog
  1123 | D:2      | Found a burning altar of Makhleb.
  1134 | D:2      | Gained mutation: You expend magic power (3 MP) to strengthen your wands. [potion of mutation]
  1134 | D:2      | Gained mutation: You are clumsy. (Dex -2) [potion of mutation]
  1134 | D:2      | Gained mutation: You are partially covered in molten scales (AC +1). [potion of mutation]
  1137 | D:2      | HP: 1/33 [poisoned by a kobold]
  1138 | D:2      | Succumbed to a kobold's poison

Action                   || total
-------------------------++-------
Melee: Hand axe          ||    68
  Use: Potion            ||     1
 Stab: Sleeping          ||     1
  Eat: Chunk             ||     1
